 Dungeon Crawl Stone Soup version 0.25.0-9-g26727b657a (console) character file.

Game seed: 9109029374762618788

168 bli the Shield-Bearer (level 5, -2/43 HPs)
             Began as a Formicid Fighter on June 20, 2020.
             Slain by an orc priest
             ... wielding a +0 whip
              (4 damage)
             ... on level 3 of the Dungeon.
             The game lasted 00:06:21 (2513 turns).

bli the Shield-Bearer (Formicid Fighter)            Turns: 2513, Time: 00:06:22

Health: -2/43      AC:  5    Str: 21    XL:     5   Next: 78%
Magic:  5/5        EV: 10    Int:  7    God:
Gold:   211        SH: 10    Dex: 11    Spells: 4/4 levels left

rFire    . . .     SeeInvis +   a - +0 war axe
rCold    . . .     Gourm    .   c - +0 kite shield
rNeg     + . .     Faith    .   l - +0 ring mail (curse)
rPois    .         Spirit   .   (helmet unavailable)
rElec    .         Reflect  .   (no cloak)
rCorr    .         Harm     .   (no gloves)
MR       .....                  (no boots)
Stlth    +.........             (no amulet)
HPRegen  0.14/turn              w - ring of positive energy
MPRegen  0.09/turn              (no ring)

@: no status effects
A: permanent stasis, dig shafts and tunnels, four strong arms, antennae 3
a: Dig, Shaft Self


You were on level 3 of the Dungeon.
You were hungry.

You visited 1 branch of the dungeon, and saw 3 of its levels.

You collected 211 gold pieces.

Inventory:

Hand Weapons
 a - a +0 war axe (weapon)
 p - a +0 hunting sling
Missiles
 h - 151 stones
 j - 16 poisoned darts
 u - a javelin (quivered)
Armour
 b - a +0 scale mail
 c - a +0 kite shield (worn)
 l - a cursed +0 ring mail (worn)
Jewellery
 w - a ring of positive energy (left hand)
Scrolls
 g - 4 scrolls of teleportation {unknown}
 i - 6 scrolls of identify {unknown}
 r - a scroll of fog {unknown}
 t - a scroll of noise {unknown}
Potions
 d - 2 potions of might
 e - a potion of heal wounds {unknown}
 m - a potion of brilliance {unknown}
 n - a potion of flight {unknown}
 o - 2 potions of mutation {unknown}
 q - 2 potions of curing {unknown}
 s - a potion of haste {unknown}
 v - a potion of magic {unknown}
Comestibles
 f - 7 rations
 k - 5 chunks of flesh


   Skills:
 * Level 4.3 Fighting
 - Level 2.0 Axes
 + Level 4.1 Armour
 + Level 1.3 Dodging
 + Level 5.4 Shields


You had 4 spell levels left.
You didn't know any spells.
Your spell library contained the following spells:

 Spells                   Type           Power        Failure   Level  Hunger
 Confusing Touch          Hex            #.......     99%         3    ####...
 Gell's Gravitas          Tloc           #.........   99%         3    ####...
 Petrify                  Tmut/Erth      #.......     100%        4    #####..
 Metabolic Englaciation   Hex/Ice        #.........   100%        5    ######.
 Yara's Violent Unravell  Hex/Tmut       #.........   100%        5    ######.


Dungeon Overview and Level Annotations

Branches:
Dungeon (3/15)

Altars:
Elyvilon
Gozag


Innate Abilities, Weirdness & Mutations

You cannot be hasted, slowed, berserked, paralysed or teleported.
You can dig through walls and to a lower floor.
Your four strong arms can wield two-handed weapons with a shield.
You have a pair of large antennae on your head. (SInv)


Message History

You closely miss the orc. You block the orc's attack.
You closely miss the orc. The orc closely misses you.
The orc priest mumbles some strange prayers to Beogh against you.
Beogh smites you!
* * * LOW HITPOINT WARNING * * *
You slash the orc!
You kill the orc!
The orc priest invokes the aid of Beogh against you.
Beogh smites you!
* * * LOW HITPOINT WARNING * * *
Things that are here:
a +0 flail; a javelin; an orc corpse Your shield prevents you from hitting the orc priest.
You block the orc priest's attack.
The orc priest hits you but does no damage.
You closely miss the orc priest. You block the orc priest's attack.
You are feeling hungry.
You closely miss the orc priest. You block the orc priest's attack. x2
You closely miss the orc priest. The orc priest hits you with a +0 whip.
You die...

#.o..##...## #.#.###
#.....###### #.#.#
#..........# #.#.#
#..........# #.#.###
#..........# #......
#..........# #......
#..........#####......
#.....†........#......
#..........###.##.....
#####o###### #.#......
#@# #.#.##### #(#
###'#......
#.######..........
#....^............
##.).##...........
#...##.##+#)#####
#...##. #.#### #...##
#....# #...# ####.#
#...# #.# +...+ ###.##


You could see an orc priest.

Vanquished Creatures
  An orc wizard (D:3)
  Terence (D:3)
  Natasha (D:3)
  3 adders (D:2)
  An ooze (D:2)
  2 worms (D:3)
  2 dart slugs
  3 leopard geckos
  2 orcs (D:3)
  3 giant cockroaches
  4 goblins
  4 hobgoblins
  6 kobolds
  A quokka (D:3)
  4 bats
  2 frilled lizards
  7 rats
47 creatures vanquished.

Notes
Turn   | Place    | Note
-------+----------+-------------------------------------------
     0 | D:1      | bli the Formicid Fighter began the quest for the Orb.
     0 | D:1      | Reached XP level 1. HP: 18/18 MP: 1/1
   130 | D:1      | Reached XP level 2. HP: 20/24 MP: 2/2
   137 | D:1      | Reached skill level 4 in Shields
   948 | D:2      | Reached XP level 3. HP: 29/29 MP: 3/3
  1305 | D:2      | Reached XP level 4. HP: 26/37 MP: 4/4
  1940 | D:3      | Noticed Terence
  1959 | D:3      | Killed Terence
  1959 | D:3      | Reached skill level 1 in Dodging
  1959 | D:3      | Reached skill level 5 in Shields
  1983 | D:3      | Reached XP level 5. HP: 35/42 MP: 5/5
  1996 | D:3      | Found a white marble altar of Elyvilon.
  2075 | D:3      | Found an opulent altar of Gozag.
  2077 | D:3      | Noticed Natasha
  2084 | D:3      | Killed Natasha
  2509 | D:3      | HP: 1/43 [orc priest/divine providence (8)]
  2513 | D:3      | Slain by an orc priest

Illustrated notes

Levels and vault maps discovered:
D:1:      heliophobic_arrival_ceremonial_halls, layout_basic
D:2:      layout_basic
D:3:      layout_basic, elyvilon_altar_3, lemuel_round_altar, first_ration,
          chequers_ecumenical_altar_simple, minmay_close_crescents,
          uniq_natasha, uniq_terence

Skill      XL: |  1  2  3  4  5 |
---------------+----------------+-----
Shields        | 4 5 |  5.4
Dodging        | 1 |  1.3
Fighting       | 4 |  4.3
Armour         | 4 |  4.1
Axes           | |  2.0

Action                   |  1- 3 |  4- 6 || total
-------------------------+-------+-------++-------
Melee: War axe           |   102 |    95 ||   197
Throw: Javelin           |       |     3 ||     3
 Abil: Dig               |       |     1 ||     1
  Eat: Chunk             |     1 |     4 ||     5
Armor: Scale mail        |    17 |       ||    17
       Ring mail         |    30 |    28 ||    58
Dodge: Dodged            |    50 |    33 ||    83
Block: Kite shield       |    68 |    49 ||   117
